 Dungeon Crawl Stone Soup version 0.21-a0-88-g13b9641 (webtiles) character file.

5744 Lavandula the Thaumaturge (level 10, 72/72 HPs)
             Began as a Mummy Arcane Marksman on June 27, 2017.
             Was a Believer of Kikubaaqudgha.
             Quit the game on level 10 of the Dungeon.
             The game lasted 00:52:23 (9547 turns).

Lavandula the Thaumaturge (Mummy Arcane Marksman)   Turns: 9547, Time: 00:52:24

Health: 72/72      AC:  7    Str: 13    XL:     10   Next: 49%
Magic:  22/22      EV: 11    Int: 17    God:    Kikubaaqudgha [**....]
Gold:   457        SH:  0    Dex: 12    Spells: 2/25 levels left

rFire    x . .     SeeInvis +   a - +3 hand crossbow
rCold    + . .     Gourm    .   (no shield)
rNeg     + + +     Faith    .   F - +0 leather armour (curse)
rPois    ∞         Spirit   .   v - +2 helmet
rElec    .         Reflect  .   (no cloak)
rCorr    .         Harm     .   (no gloves)
MR       +....                  e - +0 pair of boots
Stlth    +.........             (no amulet)
HPRegen  0.22/turn              i - ring of see invisible (curse)
MPRegen  0.18/turn              (no ring)

@: heavily drained
A: no food or potions, fire vulnerability, cold resistance 1, negative energy
resistance 3, torment resistance, unbreathing
a: Receive Corpses, Renounce Religion


You were on level 10 of the Dungeon.
You worshipped Kikubaaqudgha.
Kikubaaqudgha was pleased with you.
You were not hungry.

You visited 3 branches of the dungeon, and saw 14 of its levels.

You collected 457 gold pieces.

Inventory:

Hand Weapons
 a - a +3 hand crossbow (weapon)
 m - a +0 scimitar of flaming
 p - a +0 dagger of venom
 r - a +2 antimagic trident
Missiles
 d - 59 bolts (quivered)
 j - 5 steel javelins
 z - a tomahawk
 A - 2 tomahawks of returning
Armour
 e - a +0 pair of boots (worn)
 h - the +5 ring mail of Love and Death {+Blink Str-2 Stlth+, unknown}
   (You found it on level 5 of the Dungeon)

   It affects your strength (-2).
   It lets you blink.
   It makes you more stealthy.
 v - a +2 helmet (worn)
 F - a cursed +0 leather armour (worn)
Jewellery
 i - a cursed ring of see invisible (left hand)
Wands
 f - a wand of iceblast (4/15)
 n - a wand of lightning (0/15)
 G - a wand of random effects (23/48)
Scrolls
 b - 3 scrolls of teleportation
 g - a scroll of noise {unknown}
 o - 3 scrolls of amnesia
 t - a scroll of fog
 u - a scroll of immolation {unknown}
 w - a scroll of silence {unknown}
 y - a scroll of torment {unknown}
 B - a scroll of remove curse {unknown}
Books
 c - a book of Debilitation

   Spells                             Type                      Level
   a - Corona                         Hexes                        1
   b - Slow                           Hexes                        2
   c - Inner Flame                    Hexes/Fire                   3
   d - Portal Projectile              Hexes/Translocation          3
   e - Cause Fear                     Hexes                        4
   f - Leda's Liquefaction            Hexes/Earth                  4
 l - a book of Power

   Spells                             Type                      Level
   a - Iskenderun's Battlesphere      Conjuration/Charms           5
   b - Venom Bolt                     Conjuration/Poison           5
   c - Bolt of Magma                  Conjuration/Fire/Earth       5
   d - Iron Shot                      Conjuration/Earth            6
   e - Orb of Destruction             Conjuration                  7
   f - Spellforged Servitor           Conjuration/Summoning        7
 C - Kikubaaqudgha's Volume of Necromancy
   (Kikubaaqudgha gifted it to you on level 8 of the Dungeon)

   Spells                             Type                      Level
   a - Animate Skeleton               Necromancy                   1
   b - Pain                           Necromancy                   1
   c - Corpse Rot                     Necromancy                   2
   d - Vampiric Draining              Necromancy                   3
   e - Control Undead                 Necromancy                   4
 E - a book of Air

   Spells                             Type                      Level
   a - Shock                          Conjuration/Air              1
   b - Swiftness                      Charms/Air                   2
   c - Static Discharge               Conjuration/Air              3
   d - Airstrike                      Air                          4
   e - Lightning Bolt                 Conjuration/Air              5
Miscellaneous
 k - a lightning rod (inert)


   Skills:
 - Level 4.3(2.6) Fighting
 - Level 3.4(1.7) Polearms
 - Level 6.2(4.4) Crossbows
 - Level 3.5(1.8) Throwing
 - Level 3.0(1.3) Dodging
 - Level 8.1(6.2) Spellcasting
 + Level 6.8(5.0) Hexes
 - Level 2.0(0.4) Charms
 - Level 4.3(2.6) Necromancy
 - Level 2.0(0.4) Air Magic


You had 2 spell levels left.
You knew the following spells:

 Your Spells              Type           Power        Failure   Level  Hunger
a - Corona                Hex            ###....      1%          1    N/A
b - Slow                  Hex            ###.....     3%          2    N/A
c - Cause Fear            Hex            ###.......   21%         4    N/A
d - Animate Skeleton      Necr           N/A          5%          1    N/A
e - Pain                  Necr           ##..         5%          1    N/A
f - Vampiric Draining     Necr           ##........   16%         3    N/A
g - Corpse Rot            Necr           N/A          9%          2    N/A
h - Swiftness             Chrm/Air       #.......     21%         2    N/A
i - Portal Projectile     Hex/Tloc       ##....       17%         3    N/A
j - Control Undead        Necr           ##........   47%         4    N/A

Dungeon Overview and Level Annotations

Branches:
Dungeon (11/15)            Temple (1/1) D:5            Lair (2/6) D:10
  Swamp: Lair:2-4    Shoals: Lair:2-4     Snake: Lair:2-4    Spider: Lair:2-4
    Orc: D:9-12

Altars:
Cheibriados
Dithmenos
Elyvilon
Fedhas
Gozag
Hepliaklqana
Kikubaaqudgha
Makhleb
Nemelex Xobeh
Okawaru
Qazlal
Ru
Trog
Uskayaw
Vehumet
Wu Jian
Xom
Yredelemnul
Zin

Shops:
D:9 *

Annotations:
D:5 Blork the orc
D:10 Harold


Innate Abilities, Weirdness & Mutations

You do not eat or drink.
Your flesh is vulnerable to fire.
You are immune to poison.
Your flesh is cold resistant. (rC+)
You are immune to negative energy. (rN+++)
You are immune to unholy pain and torment.
You can survive without breathing.


Message History

Harold shouts!
Firing (i - inventory. (,) - cycle):
d - 60 bolts (quivered)
Press: ? - help, Shift-Dir - straight line, f - orc
Aim: an orc, wielding a hand axe of chopping and wearing a leather armour You shoot a bolt.
The bolt hits the orc.
The orc is heavily wounded.
Press: ? - help, v - describe, . - travel
Here: Harold, wielding a flail of crushing and wearing a ring mail The floor.
Evoke which item? (* to show all) (? for menu, Esc to quit)
Okay, then.
An orc is nearby!
You see here an uncursed amulet of harm.
Unknown command.
An orc is nearby!
Level annotation: Harold Welcome back, Lavandula the Mummy Arcane Marksman.
Kikubaaqudgha says: Spread unending torment and darkness!
Press ? for a list of commands and other information.
Are you sure you want to abandon this character and quit the game? (Confirm with "yes".)

..........#.....................[
......%.@....)........((...).....
#####.###.##########.(######!....
#.# #..# #.(# #.#### ... ##.#
###..# #.#..# .... #.# #....#
#.#..# ..$.. #.##
#.##.######'#...
####.####.@######.##.##.......##
#........o..@..##.##.........
#######.#########.##........#
######..# #.##.(......# ........#
#####.######.%..#
######..####.....# #....#
.................## #.####
######.#.##.......#####.####
......###..........#.....
#...............###.######


You could see Harold and an orc.

Vanquished Creatures
  Erica (D:10)
  A two-headed ogre (D:9)
  A spiny frog (Lair:1)
  3 trolls
  2 hippogriffs (Lair:1)
  A yak (Lair:1)
  A basilisk (Lair:1)
  2 porcupines (Lair:1)
  2 sky beasts
  2 ice beasts
  2 black bears
  2 eyes of draining (D:3)
  A necrophage (D:8)
  2 phantoms
  3 ogres
  A centaur (D:10)
  3 crocodiles (Lair:1)
  6 bullfrogs
  2 crimson imps
  4 howler monkeys
  A bullfrog skeleton (D:5)
  2 hounds
  An orc priest (D:6)
  2 iguanas
  4 orc wizards
  6 worker ants
  3 hound skeletons
  14 adders
  A gnoll (D:3)
  A shadow imp (D:5)
  2 oozes
  2 worms
  4 leopard geckos
  26 orcs
  2 ball pythons
  7 bats
  5 giant cockroaches
  8 goblins
  3 hobgoblins
  16 jackals
  4 kobolds
  6 quokkas
  2 frilled lizards (D:1)
  A jackal skeleton (D:6)
  6 rats
  A plant (D:10)
172 creatures vanquished.

Vanquished Creatures (collateral kills)
  A jelly (D:8)
  A leopard gecko (D:9)
  A plant (Lair:1)
3 creatures vanquished.

Vanquished Creatures (others)
  5 dream sheep
  2 yaks (Lair:1)
  A water moccasin (Lair:2)
  A fungus (Lair:1)
9 creatures vanquished.

Grand Total: 184 creatures vanquished

Notes
Turn   | Place    | Note
-------+----------+-------------------------------------------
     0 | D:1      | Lavandula the Mummy Arcane Marksman began the quest for the Orb.
     0 | D:1      | Reached XP level 1. HP: 15/15 MP: 2/2
     6 | D:1      | Noticed a lindwurm
     6 | D:1      | Noticed a black bear
     6 | D:1      | Noticed an iguana
     7 | D:1      | Noticed a rime drake
     7 | D:1      | Noticed a black mamba
   144 | D:1      | Reached XP level 2. HP: 21/21 MP: 4/4
   148 | D:1      | Learned a level 2 spell: Slow
  1192 | D:3      | Reached XP level 3. HP: 26/26 MP: 5/5
  1223 | D:3      | Found an opulent altar of Gozag.
  2141 | D:3      | Found a shimmering altar of Xom.
  2158 | D:3      | Reached XP level 4. HP: 31/32 MP: 4/6
  2385 | D:3      | Found an opulent altar of Gozag.
  2566 | D:3      | Noticed an eye of draining
  2578 | D:3      | Killed an eye of draining
  2578 | D:3      | Reached XP level 5. HP: 37/37 MP: 1/7
  2579 | D:3      | Found a bloodstained altar of Trog.
  2581 | D:3      | Noticed an eye of draining
  2588 | D:3      | Killed an eye of draining
  2588 | D:3      | Reached skill level 5 in Crossbows
  2588 | D:3      | Reached XP level 6. HP: 43/43 MP: 2/8
  2747 | D:4      | Learned a level 4 spell: Cause Fear
  2804 | D:5      | Entered Level 5 of the Dungeon
  2804 | D:5      | Noticed Blork the orc
  3268 | D:4      | Reached XP level 7. HP: 51/51 MP: 7/9
  3974 | D:5      | Found a staircase to the Ecumenical Temple.
  3979 | Temple   | Entered the Ecumenical Temple
  4068 | D:5      | Found a shadowy altar of Dithmenos.
  4115 | D:5      | Got a shimmering ring mail
  4189 | D:5      | Found a hide-covered altar of Uskayaw.
  4237 | D:5      | Found a stormy altar of Qazlal.
  4286 | D:5      | Found an opulent altar of Gozag.
  4414 | D:5      | Found an ancient bone altar of Kikubaaqudgha.
  4426 | D:5      | Became a worshipper of Kikubaaqudgha
  4460 | D:5      | Found a hazy altar of Hepliaklqana.
  5042 | D:6      | Reached skill level 1 in Throwing
  5042 | D:6      | Reached XP level 8. HP: 42/60 MP: 7/10
  5775 | D:8      | Reached skill level 1 in Polearms
  6054 | D:8      | Found a glowing silver altar of Zin.
  6206 | D:8      | Reached * piety under Kikubaaqudgha
  6206 | D:8      | Identified Kikubaaqudgha's Volume of Necromancy (Kikubaaqudgha gifted it to you on level 8 of the Dungeon)
  6206 | D:8      | Received a gift from Kikubaaqudgha
  6210 | D:8      | Learned a level 1 spell: Animate Skeleton
  6307 | D:8      | Reached skill level 1 in Necromancy
  6400 | D:8      | Learned a level 1 spell: Pain
  6828 | D:9      | Found Cedy's Demolitions Depot.
  6886 | D:9      | Reached skill level 2 in Spellcasting
  6895 | D:9      | Learned a level 3 spell: Vampiric Draining
  6908 | D:9      | Reached skill level 3 in Spellcasting
  6908 | D:9      | Reached XP level 9. HP: 54/65 MP: 2/13
  7052 | D:9      | Found a blossoming altar of Fedhas.
  7100 | D:9      | Reached skill level 4 in Spellcasting
  7106 | D:9      | Learned a level 2 spell: Corpse Rot
  7109 | D:9      | Learned a level 2 spell: Swiftness
  7197 | D:9      | Noticed a troll
  7219 | D:9      | Killed a troll
  7219 | D:9      | Reached skill level 5 in Spellcasting
  7236 | D:9      | Noticed a two-headed ogre
  7272 | D:9      | Killed a two-headed ogre
  7272 | D:9      | Reached skill level 8 in Spellcasting
  7292 | D:9      | Learned a level 3 spell: Portal Projectile
  7384 | D:9      | Learned a level 4 spell: Control Undead
  7481 | D:9      | Noticed a troll
  7508 | D:9      | Killed a troll
  7569 | D:10     | Entered Level 10 of the Dungeon
  7783 | D:10     | Reached ** piety under Kikubaaqudgha
  7783 | D:10     | Reached skill level 1 in Charms
  7801 | D:10     | Found a staircase to the Lair.
  7916 | Lair:1   | Entered Level 1 of the Lair of Beasts
  8296 | Lair:1   | Found a shimmering altar of Xom.
  8307 | Lair:1   | Noticed a spiny frog
  8322 | Lair:1   | Reached XP level 10. HP: 50/72 MP: 6/22
  8378 | Lair:1   | Killed a spiny frog
  8482 | Lair:1   | Noticed a four-headed hydra
  8485 | Lair:1   | Noticed a spiny frog
  8560 | Lair:1   | Noticed a spiny frog
  8898 | D:11     | Reached skill level 5 in Hexes
  9008 | D:11     | Noticed a manticore
  9440 | D:10     | Noticed Erica
  9474 | D:10     | Killed Erica
  9521 | D:10     | Noticed Harold
  9547 | D:10     | Quit the game

Vault maps used:
D:1:      onia_arrival_zoo_common, minmay_tromino_i4
D:2:      nicolae_tso_carved_into_rock, first_bread
D:3:      lemuel_doored_altar, trog_eyes_of_draining, lemuel_round_altar,
          nicolae_gozag_seed_capital
D:5:      overflow_temple_1_default, grunt_qazlal_clouds,
          overflow_temple_1_default, overflow_temple_1_default,
          kennysheep_little_box, minmay_temple_entry_steel_oval,
          lemuel_tele_altar, uniq_blork_the_orc
D:6:      tgw_sif
D:7:      lemuel_coloured_pillars_altar, grunt_livestock
D:8:      basic_altar, columned_hall_lemuel
D:9:      zin_statuary, lemuel_crystal_altar, nicolae_blasting_shop
D:10:     dpeg_oklobed_lair, uniq_harold, uniq_erica
D:11:     orc_0_dummy, uniq_fannar
Temple:   jpeg_temple_island
Lair:1:   kb_xom_exploding_sheep, grunt_megastairs_1
Lair:2:   minmay_shoals_entry_hut, wad_woods_antlair, grunt_megastairs_3,
          uniq_urug

Skill      XL: |  1  2  3  4  5  6  7  8  9 10 |
---------------+-------------------------------+-----
Crossbows      | 2 3 4 5 6 |  6.2
Fighting       | 2 4 |  4.3
Dodging        | 3 |  3.0
Throwing       | 1 3 |  3.5
Polearms       | 3 |  3.4
Necromancy     | 3 4 |  4.3
Spellcasting   | 3 8 |  8.1
Air Magic      | 2 |  2.0
Charms         | 2 |  2.0
Hexes          | 3 6 |  6.8

Action                   |  1- 3 |  4- 6 |  7- 9 | 10-12 || total
-------------------------+-------+-------+-------+-------++-------
Melee: Hand axe          |    34 |     3 |     7 |       ||    44
       Morningstar       |     3 |       |       |       ||     3
       Trident           |       |     8 |   305 |     8 ||   321
 Fire: Hand crossbow     |    99 |    93 |   170 |    41 ||   403
Throw: Javelin           |       |       |     9 |       ||     9
 Cast: Corona            |    13 |     9 |    49 |       ||    71
       Slow              |     4 |     8 |    10 |       ||    22
       Animate Skeleton  |       |       |     6 |     6 ||    12
       Pain              |       |       |     6 |       ||     6
       Vampiric Draining |       |       |    21 |    10 ||    31
       Cause Fear        |       |       |     3 |     3 ||     6
       Corpse Rot        |       |       |     3 |       ||     3
       Control Undead    |       |       |     2 |       ||     2
       Swiftness         |       |       |     1 |     1 ||     2
       Portal Projectile |       |       |       |     2 ||     2
Evoke: Wand              |     1 |     2 |     3 |       ||     6
       Lightning rod     |       |       |       |     4 ||     4
  Use: Scroll            |     6 |       |     8 |     8 ||    22
Armor: Leather armour    |    25 |     2 |   135 |     8 ||   170
       Robe              |     1 |       |       |       ||     1
Dodge: Dodged            |    58 |    20 |   274 |    14 ||   366
